 Dungeon Crawl Stone Soup version 0.22.1-1-ga44c0e56f4 (webtiles) character file.

99 Duskembrace the Vexing (level 4, 0/30 HPs)
             Began as a Vampire Enchanter on Oct 29, 2018.
             Slain by a gnoll
             ... wielding a cursed -2 club
              (7 damage)
             ... on level 2 of the Dungeon.
             The game lasted 00:04:28 (2318 turns).

Duskembrace the Vexing (Vampire Enchanter)          Turns: 2318, Time: 00:04:29

Health: 0/30       AC:  2    Str:  7    XL:     4   Next: 45%
Magic:  1/8        EV: 12    Int: 18    God:
Gold:   108        SH:  0    Dex: 14    Spells: 0/9 levels left

rFire    + . .     SeeInvis +   a - +1 dagger
rCold    + . .     Gourm    .   (no shield)
rNeg     + + .     Faith    .   b - +0 robe
rPois    +         Spirit   .   (no helmet)
rElec    .         Reflect  .   (no cloak)
rCorr    .         Harm     .   (no gloves)
MR       .....                  (no boots)
Stlth    ++++......             (no amulet)
HPRegen  0.05/turn              i - ring of protection from fire
MPRegen  0.11/turn              (no ring)

@: regenerating slowly
A: fangs 3, see invisible, unbreathing
a: Bat Form


You were on level 2 of the Dungeon.
You were thirsty.

You visited 1 branch of the dungeon, and saw 2 of its levels.

You collected 108 gold pieces.

Inventory:

Hand Weapons
 a - a +1 dagger (weapon)
Missiles
 e - 9 poisoned needles
 m - 2 needles of sleeping
Armour
 b - a +0 robe (worn)
Jewellery
 i - a ring of protection from fire (left hand)
Scrolls
 c - 6 scrolls of teleportation {unknown}
 f - a scroll of enchant weapon {unknown}
 l - a scroll of magic mapping {unknown}
 n - a scroll of immolation {unknown}
Potions
 d - 7 potions of blood
 g - a potion of heal wounds {unknown}
 h - 2 potions of agility {unknown}
 j - 2 potions of lignification {unknown}
 k - a potion of curing {unknown}


   Skills:
 + Level 2.0 Short Blades
 - Level 2.1 Dodging
 + Level 5.0 Stealth
 - Level 3.0 Spellcasting
 * Level 5.5 Hexes
 - Level 1.0 Ice Magic


You couldn't memorise any spells.
You knew the following spells:

 Your Spells              Type           Power        Failure   Level  Hunger
a - Corona                Hex            ###....      1%          1    None
b - Ensorcelled Hibernat  Hex/Ice        ##....       6%          2    ##.....
c - Confuse               Hex            ###.....     4%          3    ###....
d - Tukima's Dance        Hex            ###.....     4%          3    ###....

Your spell library contained the following spells:

 Spells                   Type           Power        Failure   Level  Hunger
 Dazzling Spray           Conj/Hex       ##....       16%         3    ###....


Dungeon Overview and Level Annotations

Branches:
Dungeon (2/15)

Altars:


Innate Abilities, Weirdness & Mutations

You heal slowly.
You have razor-sharp teeth.
You have supernaturally acute eyesight. (SInv)
You can survive without breathing.


Message History

You completely miss the gnoll.
The gnoll is moderately wounded.
The gnoll barely misses you.
Your spear hits the gnoll but does no damage.
You hit the gnoll but do no damage.
The gnoll is moderately wounded.
The gnoll misses you.
Your spear hits the gnoll from afar. You hit the gnoll.
The gnoll is severely wounded.
The gnoll hits you.
You hit the gnoll.
You kill the gnoll!
Your spear hits the gnoll. The gnoll hits you with a club.
* * * LOW HITPOINT WARNING * * *
Your spear hits the gnoll but does no damage.
Your spear falls from the air.
Your magical contamination has completely faded away.
The gnoll hits you with a club!
You die...

#..# #.# #..## #.#
#..##.##.###.#
#..##.....g..# .. ....
#..#####†######..##...
#.....)...............
##.#####.######..#....
#.#####.######..#....
#..g@.......##.......
#######.###.##.......
########.#.#.##.......
#............##..#...#
#.##.....#.### #...#
#.##.....#.# #...#
#.##.....# #######...#
#.######.# ..........#
#.# #.# ########..#


You could see a gnoll.

Vanquished Creatures
  3 adders (D:2)
  3 gnolls (D:2)
  A worm (D:2)
  A dart slug (D:1)
  2 leopard geckos
  4 bats
  2 giant cockroaches (D:1)
  7 goblins
  6 hobgoblins
  2 frilled lizards (D:1)
  4 kobolds
  5 rats
40 creatures vanquished.

Notes
Turn   | Place    | Note
-------+----------+-------------------------------------------
     0 | D:1      | Duskembrace the Vampire Enchanter began the quest for the
                  | Orb.
     0 | D:1      | Reached XP level 1. HP: 13/13 MP: 3/3
   118 | D:1      | Reached XP level 2. HP: 17/19 MP: 3/5
   122 | D:1      | Learned a level 2 spell: Ensorcelled Hibernation
  1141 | D:1      | Reached XP level 3. HP: 24/24 MP: 7/7
  1146 | D:1      | Learned a level 3 spell: Confuse
  1775 | D:2      | Reached skill level 5 in Hexes
  2270 | D:2      | Reached XP level 4. HP: 30/30 MP: 8/8
  2278 | D:2      | Reached skill level 1 in Ice Magic
  2284 | D:2      | Learned a level 3 spell: Tukima's Dance
  2301 | D:2      | Reached skill level 5 in Stealth
  2318 | D:2      | Slain by a gnoll

Skill      XL: |  1  2  3  4 |
---------------+-------------+-----
Spellcasting   | 3 |  3.0
Hexes          | 5 |  5.5
Ice Magic      | 1 |  1.0
Short Blades   | 2 |  2.0
Stealth        | 5 |  5.0
Dodging        | |  2.1

Action                   |  1- 3 |  4- 6 || total
-------------------------+-------+-------++-------
Melee: Dagger            |    95 |    12 ||   107
       Bite              |     8 |     1 ||     9
 Cast: Ensorcelled Hiber |    25 |       ||    25
       Tukima's Dance    |       |     2 ||     2
  Use: Potion            |     1 |       ||     1
 Stab: Sleeping          |    22 |     2 ||    24
  Eat: Corpse            |     2 |       ||     2
Armor: Robe              |    17 |     2 ||    19
Dodge: Dodged            |    45 |     8 ||    53
